 Dungeon Crawl Stone Soup version 0.20.0-10-g0535bb4 (webtiles) character file.

714 grindst0ne the Protected (level 7, 0/66 HPs)
             Began as a Gargoyle Fighter on June 3, 2017.
             Slain by a bog mummy (4 damage)
             ... in an ossuary.
             The game lasted 00:08:05 (3900 turns).

grindst0ne the Protected (Gargoyle Fighter)         Turns: 3900, Time: 00:08:06

Health: 0/66       AC: 23    Str: 20    XL:     7   Next: 69%
Magic:  7/7        EV:  2    Int: 13    God:
Gold:   172        SH:  9    Dex: 11    Spells: 6/6 levels left

rFire    . . .     SeeInvis .   a - +0 flail
rCold    . . .     Gourm    .   c - +0 shield
rNeg     + + +     Faith    .   (armour currently unavailable)
rPois    ∞         Spirit   .   (helmet currently unavailable)
rElec    .         Reflect  .   (cloak currently unavailable)
rCorr    .         Harm     .   (gloves currently unavailable)
MR       .....     NoTele   +   (boots currently unavailable)
Stlth    +.........             k - amulet of rage
Regen    0.3/turn               (no ring)
MPRegen  0.1/turn               (no ring)

@: brilliant, tree-form
A: negative energy resistance 1, petrification resistance, rot immunity, AC +4
a: Evoke Berserk Rage


You were in an ossuary.
You were very hungry.
You were a tree.
You visited 1 branch of the dungeon, and saw 5 of its levels.
You also visited: Ossuary.

You collected 172 gold pieces.

Inventory:

Hand Weapons
 a - a +0 flail (weapon)
Armour
 b - a +0 scale mail
 c - a +0 shield (worn)
 s - a +0 pair of gloves (melded)
 w - a +2 hat (melded)
 x - a +0 chain mail (melded)
Jewellery
 k - an amulet of rage (around neck)
Scrolls
 r - a scroll of blinking {unknown}
 v - a scroll of immolation {unknown}
 y - 3 scrolls of identify
Potions
 i - a potion of magic
 n - a potion of lignification
 p - a potion of heal wounds {unknown}
 q - a potion of agility {unknown}
 t - a potion of degeneration {unknown}
Books
 o - a book of Conjurations

   Spells                             Type                      Level
   a - Magic Dart                     Conjuration                  1
   b - Searing Ray                    Conjuration                  2
   c - Dazzling Spray                 Conjuration/Hexes            3
   d - Fulminant Prism                Conjuration/Hexes            4
   e - Force Lance                    Conjuration/Translocation    4
   f - Iskenderun's Mystic Blast      Conjuration                  4
Comestibles
 f - 5 bread rations
 g - 2 fruits
 h - a royal jelly
 u - a meat ration


   Skills:
 - Level 5.0 Fighting
 - Level 2.0 Maces & Flails
 + Level 8.8 Armour
 - Level 3.2 Shields


You had 6 spell levels left.
You didn't know any spells.

Dungeon Overview and Level Annotations

Branches:
Dungeon (5/15)
 Temple: D:4-7

Altars:
Dithmenos
Yredelemnul


Innate Abilities, Weirdness & Mutations

You are resistant to torment.
((Your stone body is resilient. (AC +4)))
You are immune to poison.
You resist negative energy. (rN+)
((You are resistant to electric shocks. (rElec)))
((You can survive without breathing.))
You are immune to petrification.
You are immune to rotting.


Message History

You resist with some effort.
It was a potion of flight.
You feel very buoyant.
You fly up into the air.
The bog mummy hits you but does no damage.
You block the bog mummy's attack.
It was a potion of brilliance.
You feel clever all of a sudden. You block the bog mummy's attack.
The bog mummy hits you but does no damage.
It was a potion of lignification.
You turn into a tree.
Your +2 hat melds into your body.
Your +0 pair of gloves melds into your body.
Your +0 chain mail melds into your body.
Your roots penetrate the ground.
You block the bog mummy's attack.
You thump the bog mummy!
You destroy the bog mummy!
You feel yourself speed up. The bog mummy hits you.
You die...

.≈# ≈≈≈ ..#
##.# '.'
#.#####
+.#♣.∩#
###.M.∩.#
#..≈#...#
##≈.#####
#...≈≈≈≈M≈≈
###.≈.≈M≈≈≈
#P#P≈.#.≈
#≈###≈# ≈##
≈#


You could see a bog mummy.

Vanquished Creatures
  A phantom (D:4)
  An ogre (D:4)
  A bullfrog zombie (Ossuary)
  A bullfrog skeleton (D:4)
  2 orc wizards (D:4)
  A killer bee zombie (Ossuary)
  A hound zombie (Ossuary)
  8 mummies (Ossuary)
  A howler monkey zombie (Ossuary)
  A worker ant zombie (Ossuary)
  5 gnolls
  4 adders
  2 oozes
  4 worms
  A dart slug (D:2)
  5 leopard geckos
  12 orcs
  2 giant cockroaches (D:1)
  10 hobgoblins
  11 jackals
  2 ball pythons
  11 bats
  3 frilled lizards
  3 goblins (D:1)
  A jackal zombie (Ossuary)
  11 kobolds
  A quokka zombie (Ossuary)
  6 rats
112 creatures vanquished.

Vanquished Creatures (others)
  2 withered plants (Ossuary)
2 creatures vanquished.

Grand Total: 114 creatures vanquished

Notes
Turn   | Place    | Note
-------+----------+-------------------------------------------
     0 | D:1      | grindst0ne the Gargoyle Fighter began the quest for the Orb.
     0 | D:1      | Reached XP level 1. HP: 14/14 MP: 1/1
    83 | D:1      | Reached XP level 2. HP: 17/20 MP: 2/2
    93 | D:1      | Found a shadowy altar of Dithmenos.
   514 | D:1      | Reached XP level 3. HP: 23/24 MP: 3/3
  1070 | D:1      | Reached skill level 5 in Fighting
  1271 | D:2      | Reached XP level 4. HP: 31/31 MP: 4/4
  1415 | D:2      | Reached skill level 4 in Armour
  1993 | D:3      | Reached XP level 5. HP: 34/35 MP: 5/5
  2084 | D:3      | Reached skill level 5 in Armour
  2125 | D:3      | Found a basalt altar of Yredelemnul.
  2653 | D:4      | Noticed a phantom
  2893 | D:4      | Killed a phantom
  2893 | D:4      | Reached skill level 6 in Armour
  2893 | D:4      | Reached XP level 6. HP: 27/40 MP: 6/6
  2982 | D:4      | Reached skill level 7 in Armour
  3070 | D:4      | Reached XP level 7. HP: 15/44 MP: 7/7
  3528 | D:5      | Entered Level 5 of the Dungeon
  3528 | D:5      | Found a sand-covered staircase.
  3538 | Ossuary  | Entered an ossuary
  3595 | Ossuary  | Reached skill level 8 in Armour
  3896 | Ossuary  | HP: 2/44 [bog mummy (6)]
  3900 | Ossuary  | Slain by a bog mummy

Skill      XL: |  1  2  3  4  5  6  7 |
---------------+----------------------+-----
Fighting       | 4 5 |  5.0
Armour         | 4 6 7 8 |  8.8
Maces & Flails | |  2.0
Shields        | |  3.2

Action                   |  1- 3 |  4- 6 |  7- 9 || total
-------------------------+-------+-------+-------++-------
Melee: Flail             |   194 |   304 |    98 ||   596
  Use: Scroll            |     6 |       |     1 ||     7
       Potion            |       |       |     8 ||     8
  Eat: Chunk             |     2 |     6 |     2 ||    10
Armor: Scale mail        |   192 |    81 |       ||   273
       Chain mail        |       |    99 |    69 ||   168
Dodge: Dodged            |   107 |    95 |    18 ||   220
Block: Shield            |   166 |   152 |    50 ||   368
